 Dungeon Crawl Stone Soup version 0.20-a0-1122-gb7cbeb9 (webtiles) character file.

1220 mopl the Covert (level 8, -2/43 HPs)
             Began as a Deep Elf Assassin on May 11, 2017.
             Was an Initiate of Kikubaaqudgha.
             Slain by a water moccasin (9 damage)
             ... on level 6 of the Dungeon.
             The game lasted 00:08:41 (5272 turns).

mopl the Covert (Deep Elf Assassin)                 Turns: 5272, Time: 00:08:42

Health: -2/43      AC:  3    Str:  8    XL:     8   Next: 23%
Magic:  13/13      EV: 12    Int: 17    God:    Kikubaaqudgha [......]
Gold:   299        SH:  0    Dex: 18    Spells: 11/11 levels left

rFire    . . .     SeeInvis .   a - +2 dagger
rCold    . . .     Gourm    .   (no shield)
rNeg     . . .     Faith    .   c - +0 robe
rPois    .         Spirit   .   (no helmet)
rElec    .         Reflect  .   d - +0 cloak
rCorr    .         Harm     .   (no gloves)
MR       +....                  (no boots)
Stlth    ++++......             r - amulet of regeneration
Regen    0.6/turn               p - +3 ring of slaying
MPRegen  0.2/turn               L - ring of protection from magic

@: lethally poisoned (-2 -> -18)
A: no striking features
a: Renounce Religion


You were on level 6 of the Dungeon.
You worshipped Kikubaaqudgha.
Kikubaaqudgha was noncommittal.
You were not hungry.

You visited 2 branches of the dungeon, and saw 7 of its levels.

You collected 299 gold pieces.

Inventory:

Hand Weapons
 a - a +2 dagger (weapon)
 b - a +0 blowgun
 t - a +3 quarterstaff of chaos
 M - a +3 trident of holy wrath
Missiles
 e - 23 poisoned needles
 f - 2 curare-tipped needles
 z - 2 throwing nets (quivered)
 J - 3 tomahawks
Armour
 c - a +0 robe (worn)
 d - a +0 cloak (worn)
 y - a +0 large shield
Jewellery
 p - a +3 ring of slaying (left hand)
 r - an amulet of regeneration (around neck)
 L - a ring of protection from magic (right hand)
Wands
 C - a wand of lightning (1/15)
Scrolls
 h - 2 scrolls of identify
 i - 2 scrolls of fog {unknown}
 l - 6 scrolls of remove curse {unknown}
 o - 4 scrolls of blinking {unknown}
 q - 3 scrolls of teleportation {unknown}
 u - 2 scrolls of fear {unknown}
 B - a scroll of magic mapping {unknown}
 D - a scroll of recharging {unknown}
 E - 2 scrolls of enchant weapon {unknown}
 G - a scroll of amnesia {unknown}
 H - a scroll of noise {unknown}
 K - a scroll of vulnerability {unknown}
Potions
 j - 6 potions of heal wounds {unknown}
 k - 3 potions of curing
 n - 3 potions of ambrosia
 s - a potion of berserk rage {!q}
 w - a potion of magic
 F - 2 potions of haste
 I - a potion of flight
Comestibles
 g - 3 bread rations
 m - 4 royal jellies
 v - 2 meat rations
 x - 3 fruits


   Skills:
 - Level 1.5 Fighting
 + Level 5.1 Short Blades
 + Level 5.2 Throwing
 - Level 1.2 Dodging
 * Level 9.5 Stealth
 + Level 2.2 Spellcasting
 + Level 1.3 Necromancy
 + Level 2.1 Evocations


You had 11 spell levels left.
You didn't know any spells.

Dungeon Overview and Level Annotations

Branches:
Dungeon (6/15)             Temple (1/1) D:5

Altars:
Ashenzari
Elyvilon
Hepliaklqana
Kikubaaqudgha
Nemelex Xobeh
Okawaru
Qazlal
Ru
Trog
Uskayaw
Vehumet
Xom
Yredelemnul
The Shining One

Annotations:
D:1 rf


Message History

You barely miss the water moccasin.
The water moccasin is severely wounded.
You feel sick. The water moccasin closely misses you.
Unknown command.
You hit the water moccasin.
The water moccasin is severely wounded.
You feel sick. The water moccasin barely misses you.
Unknown command.
You hit the water moccasin.
The water moccasin is almost dead.
The water moccasin bites you.
* * * LOW HITPOINT WARNING * * *
You are lethally poisoned!
The water moccasin poisons you!
You barely miss the water moccasin.
The water moccasin is almost dead.
* * * LOW HITPOINT WARNING * * *
You feel sick. The water moccasin bites you!
You die...
Kikubaaqudgha rasps: "You have failed me!
Welcome... death!"

#.........#
####.####.#
#.####.#
#.....[#
#.######
#.# #.#
#.######.#
#..S@.?..#
#.#######.#
#.# ..# ###


You could see a water moccasin.

Vanquished Creatures
  Grinder (D:4)
  A phantom (D:5)
  A centaur (D:5)
  2 bullfrogs
  2 howler monkeys
  3 crimson imps
  3 hounds
  Crazy Yiuf (D:2)
  An orc priest (D:5)
  A jelly (D:6)
  3 iguanas
  An orc wizard (D:5)
  2 worker ants
  A hound skeleton (D:4)
  2 worker ant zombies (D:5)
  4 adders
  4 gnolls
  A shadow imp (D:6)
  2 oozes
  An adder skeleton (D:4)
  5 worms
  5 dart slugs
  3 leopard geckos
  9 orcs
  9 bats
  3 giant cockroaches
  8 goblins
  3 hobgoblins
  4 jackals (D:1)
  11 kobolds
  7 quokkas
  3 ball pythons
  8 frilled lizards
  A quokka skeleton (D:4)
  7 rats
123 creatures vanquished.

Vanquished Creatures (others)
  A goblin (D:1)
  A frilled lizard (D:1)
2 creatures vanquished.

Grand Total: 125 creatures vanquished

Notes
Turn   | Place    | Note
-------+----------+-------------------------------------------
     0 | D:1      | mopl the Deep Elf Assassin began the quest for the Orb.
     0 | D:1      | Reached XP level 1. HP: 12/12 MP: 3/3
    42 | D:1      | Reached skill level 5 in Stealth
    46 | D:1      | Reached XP level 2. HP: 9/16 MP: 4/4
   440 | D:1      | Reached XP level 3. HP: 11/20 MP: 5/5
  1619 | D:2      | Reached skill level 3 in Short Blades
  1660 | D:2      | Found a hide-covered altar of Uskayaw.
  1665 | D:2      | Reached XP level 4. HP: 25/25 MP: 6/6
  1684 | D:2      | Found a white marble altar of Elyvilon.
  2149 | D:2      | Found a runed door.
  2154 | D:2      | Noticed Crazy Yiuf
  2163 | D:2      | Killed Crazy Yiuf
  2163 | D:2      | Reached skill level 3 in Throwing
  2163 | D:2      | Reached skill level 6 in Stealth
  2718 | D:3      | Noticed a bullfrog
  2727 | D:3      | Killed a bullfrog
  2727 | D:3      | Reached XP level 5. HP: 20/29 MP: 7/7
  2844 | D:3      | Reached skill level 7 in Stealth
  3002 | D:3      | Found a basalt altar of Yredelemnul.
  3089 | D:3      | Reached XP level 6. HP: 23/34 MP: 8/8
  3363 | D:4      | Noticed Grinder
  3369 | D:4      | Killed Grinder
  3369 | D:4      | Reached skill level 4 in Short Blades
  3369 | D:4      | Reached skill level 4 in Throwing
  3369 | D:4      | Reached skill level 8 in Stealth
  3412 | D:4      | Found a sacrificial altar of Ru.
  3452 | D:4      | Reached XP level 7. HP: 38/38 MP: 9/9
  3926 | D:4      | Found an iron altar of Okawaru.
  3958 | D:5      | Entered Level 5 of the Dungeon
  4278 | D:5      | Reached skill level 1 in Evocations
  4314 | D:5      | Reached skill level 9 in Stealth
  4380 | D:5      | Found a staircase to the Ecumenical Temple.
  4401 | Temple   | Entered the Ecumenical Temple
  4455 | Temple   | Became a worshipper of Kikubaaqudgha
  4496 | D:5      | Found a hazy altar of Hepliaklqana.
  4497 | D:5      | Found a shimmering altar of Xom.
  4498 | D:5      | Noticed a spectral ugly thing
  4683 | D:5      | Reached skill level 5 in Throwing
  4683 | D:5      | Reached skill level 1 in Spellcasting
  4733 | D:5      | Reached XP level 8. HP: 43/43 MP: 10/12
  4777 | D:5      | Found a shattered altar of Ashenzari.
  4823 | D:5      | Reached skill level 5 in Short Blades
  4937 | D:6      | Reached skill level 2 in Evocations
  4965 | D:6      | Reached skill level 2 in Spellcasting
  4965 | D:6      | Reached skill level 1 in Necromancy
  4972 | D:6      | Found a glowing golden altar of the Shining One.
  5072 | D:6      | Found a sparkling altar of Nemelex Xobeh.
  5272 | D:6      | Slain by a water moccasin

Vault maps used:
D:1:      dpeg_arrival_lava_altar, minmay_misc_feat_rows, lemuel_flame_loot_1
D:2:      lemuel_crystal_altar, lemuel_doored_altar, uniq_crazy_yiuf_cottage
D:3:      old_standard_altar
D:4:      hangedman_ru_absence, kennysheep_mini, first_bread, uniq_grinder
D:5:      regret_index_temple_of_mockery, kennysheep_mini_moat,
          minmay_temple_entry_overgrown, minivault_23,
          kennysheep_opposing_triangles
D:6:      old_standard_altar, gammafunk_temple_overflow_pools,
          minmay_misc_feat_hallway, nemelex_spade_bored_becter
Temple:   dpeg_chambers_temple

Skill      XL: |  1  2  3  4  5  6  7  8 |
---------------+-------------------------+-----
Stealth        | 5 6 7 8 9 |  9.5
Short Blades   | 3 4 5 |  5.1
Throwing       | 3 4 5 |  5.2
Evocations     | 1 2 |  2.1
Spellcasting   | 1 2 |  2.2
Necromancy     | 1 |  1.3
Fighting       | |  1.5
Dodging        | |  1.2

Action                   |  1- 3 |  4- 6 |  7- 9 || total
-------------------------+-------+-------+-------++-------
Melee: Dagger            |   123 |   121 |   202 ||   446
 Fire: Blowgun           |       |     4 |    24 ||    28
Evoke: Wand              |       |       |     1 ||     1
  Use: Scroll            |       |       |     7 ||     7
 Stab: Sleeping          |    12 |    16 |     3 ||    31
       Distracted        |       |     1 |     1 ||     2
  Eat: Chunk             |     1 |     7 |     6 ||    14
Armor: Robe              |    22 |    16 |    15 ||    53
Dodge: Dodged            |    65 |    47 |   110 ||   222
